 Dungeon Crawl Stone Soup version 0.24-a0-584-g9d6b971ae4 (webtiles) character file.

Game seed: 7308751228867222126, levelgen mode: deterministic

42 DEFE the Sneak (level 3, -1/25 HPs)
             Began as a Gnoll Enchanter on Sept 6, 2019.
             Slain by an adder (3 damage)
             ... on level 2 of the Dungeon.
             The game lasted 00:01:49 (1830 turns).

DEFE the Sneak (Gnoll Enchanter)                    Turns: 1830, Time: 00:01:50

Health: -1/25      AC:  3    Str: 11    XL:     3   Next: 56%
Magic:  7/9        EV: 11    Int: 17    God:
Gold:   126        SH:  7    Dex: 15    Spells: 11/12 levels left

rFire    . . .     SeeInvis .   a - +1 dagger
rCold    . . .     Gourm    .   j - +0 shield (curse)
rNeg     . . .     Faith    .   g - +0 leather armour
rPois    .         Spirit   .   (no helmet)
rElec    .         Reflect  .   (no cloak)
rCorr    .         Harm     .   (no gloves)
MR       .....                  (no boots)
Stlth    +++.......             (no amulet)
HPRegen  0.08/turn              (no ring)
MPRegen  0.11/turn              (no ring)

@: lethally poisoned (-1 -> -3), very slightly contaminated
A: distributed training, fangs 1, strong nose
a: no special abilities


You were on level 2 of the Dungeon.
You were hungry.

You visited 1 branch of the dungeon, and saw 2 of its levels.

You collected 126 gold pieces.

Inventory:

Hand Weapons
 a - a +1 dagger (weapon)
Armour
 b - a +0 robe
 g - a +0 leather armour (worn)
 j - a cursed +0 shield (worn)
Scrolls
 c - 5 scrolls of teleportation {unknown}
 h - 2 scrolls of identify {unknown}
 k - a scroll of remove curse {unknown}
 l - a scroll of magic mapping {unknown}
 m - a scroll of enchant weapon {unknown}
Potions
 f - a potion of haste {unknown}
 i - 2 potions of heal wounds {unknown}
Comestibles
 d - 2 rations


   Skills:
 + Level 0.8 Fighting
 + Level 2.6 Short Blades
 + Level 0.8 Long Blades
 + Level 0.8 Axes
 + Level 0.8 Maces & Flails
 + Level 0.8 Polearms
 + Level 0.8 Staves
 + Level 0.8 Slings
 + Level 0.8 Bows
 + Level 0.8 Crossbows
 + Level 0.8 Throwing
 + Level 0.8 Armour
 + Level 4.5 Dodging
 + Level 6.0 Stealth
 + Level 0.8 Shields
 + Level 0.8 Unarmed Combat
 + Level 5.0 Spellcasting
 + Level 0.5 Conjurations
 + Level 5.4 Hexes
 + Level 0.5 Charms
 + Level 0.5 Summonings
 + Level 0.5 Necromancy
 + Level 0.5 Translocations
 + Level 0.5 Transmutations
 + Level 0.5 Fire Magic
 + Level 0.5 Ice Magic
 + Level 0.5 Air Magic
 + Level 0.5 Earth Magic
 + Level 0.5 Poison Magic
 + Level 1.0 Invocations
 + Level 0.8 Evocations


You had 11 spell levels left.
You knew the following spells:

 Your Spells              Type           Power        Failure   Level  Hunger
a - Corona                Hex            ###....      13%         1    None

Your spell library contained the following spells:

 Spells                   Type           Power        Failure   Level  Hunger
 Confuse                  Hex            ###.....     36%         3    ###....
 Tukima's Dance           Hex            ###.....     36%         3    ###....
 Ensorcelled Hibernation  Hex/Ice        ##....       45%         2    #......
 Dazzling Spray           Conj/Hex       ##....       71%         3    ###....


Dungeon Overview and Level Annotations

Branches:
Dungeon (2/15)

Altars:
Wu Jian
Xom
Yredelemnul


Innate Abilities, Weirdness & Mutations

Your experience applies equally to all skills.
You have very sharp teeth.
Your uncanny sense of smell can sniff out nearby items.


Message History

You are poisoned.
The adder poisons you!
You take 2 damage, and have 6/25 hp.
Aim: an adder (severely wounded, chance to defeat MR: 70%)
You miscast Corona.
You are very lightly contaminated with residual magic.
Your hands glow momentarily.
You feel sick. The adder closely misses you.
You take 1 damage, and have 5/25 hp.
Aim: an adder (severely wounded, chance to defeat MR: 70%)
The adder is outlined in light.
The adder closely misses you. The adder barely misses you.
You now have 7/9 mp.
You closely miss the adder. You block the adder's attack.
Your shield prevents you from hitting the adder.
You feel sick. The adder bites you.
* * * LOW HITPOINT WARNING * * *
The leopard gecko hisses menacingly.
You take 3 damage, and have 2/25 hp.
You hit the adder. Your bite misses the adder. The adder bites you.
You die...

#.##.#.##≈.....≈†....≈#.
#.##.#.##≈.....≈.....≈#.
#.##.#.##≈..........)≈#.
#.##.#.##≈≈≈≈≈≈.≈≈≈≈≈≈#.
#.##.#>########'#######.
#.##.#.# #...(........
#.##.#.# ###....).......
#.##.#.###.............[
#......@Sl..............
#####..###.##...........
#..#................
#..#................
#...................
#.##.....####.#...##
#........# #>..#÷..
######.######.#)..##
#...........##


You could see an adder and a leopard gecko.

Vanquished Creatures
  An adder (D:2)
  A worm (D:2)
  A dart slug (D:1)
  2 leopard geckos
  2 ball pythons
  4 goblins
  3 hobgoblins
  2 kobolds
  5 bats
  2 frilled lizards
  3 rats (D:1)
26 creatures vanquished.

Notes
Turn   | Place    | Note
-------+----------+-------------------------------------------
     0 | D:1      | DEFE the Gnoll Enchanter began the quest for the Orb.
     0 | D:1      | Reached XP level 1. HP: 13/13 MP: 6/6
   441 | D:1      | Reached XP level 2. HP: 19/19 MP: 7/7
  1010 | D:2      | Reached skill level 5 in Spellcasting
  1010 | D:2      | Reached XP level 3. HP: 25/25 MP: 7/9
  1012 | D:2      | Found an ornate altar of the Wu Jian Council.
  1579 | D:2      | Reached skill level 6 in Stealth
  1694 | D:2      | Found a basalt altar of Yredelemnul.
  1699 | D:2      | Found a shimmering altar of Xom.
  1724 | D:2      | Reached skill level 1 in Invocations
  1830 | D:2      | Slain by an adder

Levels and vault maps discovered:
D:1:      scummos_arrival_forest, layout_basic
D:2:      layout_loops_ring, nicolae_overflow_crystal_walls, minitemple,
          first_ration, kennysheep_generic_room_16

Skill      XL: |  1  2  3 |
---------------+----------+-----
Spellcasting   | 5 |  5.0
Stealth        | 6 |  6.0
Invocations    | 1 |  1.0
Fighting       | |  0.8
Short Blades   | |  2.6
Long Blades    | |  0.8
Axes           | |  0.8
Maces & Flails | |  0.8
Polearms       | |  0.8
Staves         | |  0.8
Slings         | |  0.8
Bows           | |  0.8
Crossbows      | |  0.8
Throwing       | |  0.8
Armour         | |  0.8
Dodging        | |  4.5
Shields        | |  0.8
Unarmed Combat | |  0.8
Conjurations   | |  0.5
Hexes          | |  5.4
Charms         | |  0.5
Summonings     | |  0.5
Necromancy     | |  0.5
Translocations | |  0.5
Transmutations | |  0.5
Fire Magic     | |  0.5
Ice Magic      | |  0.5
Air Magic      | |  0.5
Earth Magic    | |  0.5
Poison Magic   | |  0.5
Evocations     | |  0.8

Action                   || total
-------------------------++-------
Melee: Dagger            ||   116
       Bite              ||     8
 Cast: Corona            ||     3
  Use: Potion            ||     1
 Stab: Sleeping          ||     6
  Eat: Chunk             ||     2
Armor: Robe              ||     4
       Leather armour    ||    15
Dodge: Dodged            ||    78
Block: Shield            ||    18

Table legend:
 A = Non-vault XP
 B = Vault XP
 C = Vault XP percentage of total XP
 D = Non-vault monster count
 E = Vault monster count
 F = Vault count percentage of total count
                 A         B        C        D         E       F
            +---------+---------+-------+---------+---------+-------
      Total |      58 |       3 |   4.9 |      24 |       2 |   7.7
            +---------+---------+-------+---------+---------+-------
        D:1 |      27 |       0 |   0.0 |      15 |       0 |   0.0
        D:2 |      31 |       3 |   8.8 |       9 |       2 |  18.2
            +---------+---------+-------+---------+---------+-------
